Map: New Repugnancy LE

Players

LiquidSnute (Snute)

  • Race: Zerg Zerg
  • League: Grandmaster
  • Spawn Location: 1:00

Reynor - Winner!

  • Race: Zerg Zerg
  • League: Master
  • Spawn Location: 7:00

Event: HomeStory Cup XIX

VOD

Have the link to the VOD?

Description

Time

  • Played on: June 27, 2019, 11:01 a.m.
  • Length: 10:04

All games in this series

Show
View Real Time Build Order
Export as new Build Order

LiquidSnute Zerg 

Build Orders: Hatch First 

Get SALT Encoding   

  12  0:00  Drone  
  13  0:12  Overlord  
  13  0:16  Drone  
  14  0:30  Drone x2  
  14  0:33  Drone  
  17  0:50  Hatchery  
  17  0:53  Drone  
  17  1:07  Spawning Pool  
  17  1:09  Extractor  
  15  1:12  Drone  
  15  1:15  Drone  
  17  1:19  Drone  
  18  1:27  Drone  
  19  1:38  Overlord  
  19  1:49  Drone  
  19  1:53  Queen  
  22  1:59  Drone  
  23  2:02  Queen  
  23  2:03  Drone  
  26  2:10  Drone  
  26  2:11  Metabolic Boost  
  26  2:13  Drone  
  28  2:22  Drone  
  29  2:24  Drone  
  29  2:29  Queen  
  32  2:32  Zergling x2  
  32  2:34  Zergling x2  
  34  2:44  Zergling x2  
  35  2:45  Overlord  
  35  2:53  Drone  
  36  2:59  Overlord  
  35  3:08  Drone x3  
  35  3:11  Drone  
  39  3:15  Drone  
  39  3:19  Hatchery  
  39  3:20  Baneling Nest  
  39  3:22  Drone  
  39  3:25  Drone  
  40  3:28  Drone  
  40  3:32  Zergling x2  
  40  3:33  Zergling x2  
  43  3:36  Zergling x2  
  44  3:41  Evolution Chamber  
  44  3:44  Zergling x6  
  46  3:49  Zergling x6  
  46  3:52  Zergling x2  
  50  3:58  Overlord  
  50  3:59  Zergling x2  
  51  4:04  Baneling x2  
  51  4:06  Roach Warren  
  51  4:07  Drone  
  50  4:12  Zerg Missile Weapons Level 1  
  50  4:13  Drone  
  50  4:14  Drone  
  50  4:15  Baneling  
  52  4:19  Drone  
  52  4:20  Extractor  
  51  4:25  Drone  
  51  4:30  Overlord  
  54  4:45  Roach x5  
  54  4:47  Baneling  
  54  4:49  Zergling x6  
  57  4:58  Roach x2  
  61  5:00  Zergling x2  
  61  5:10  Roach x3  
  61  5:13  Overlord  
  66  5:16  Overlord  
  66  5:17  Drone x5  
  71  5:24  Drone x2  
  71  5:26  Evolution Chamber  
  72  5:29  Drone  
  72  5:34  Lair  
  72  5:35  Drone x2  
  74  5:38  Drone  
  75  5:48  Drone x4  
  79  5:50  Extractor  
  78  5:59  Overlord  
  78  6:01  Roach x5  
  84  6:10  Roach x3  
  87  6:20  Roach x3  
  93  6:35  Roach x2  
  97  6:42  Glial Reconstitution  
  97  6:46  Overlord  
  97  6:47  Extractor  
  97  6:48  Extractor  
  97  6:51  Overlord  
  97  6:54  Drone x3, Overlord  
  98  6:55  Overlord x2  
  98  7:03  Overlord  
  98  7:05  Roach  
  98  7:06  Roach x2  
  98  7:08  Roach  
  106  7:13  Roach  
  110  7:15  Roach  
  110  7:16  Roach  
  110  7:19  Roach x7  
  126  7:30  Hatchery  
  126  7:36  Roach x3  
  131  7:41  Overlord  
  131  7:50  Overlord  
  131  7:58  Overlord  
  131  8:01  Roach x4  
  139  8:10  Roach x4  
  147  8:20  Roach x4  
  147  8:21  Ravager  
  147  8:22  Overlord  
  147  8:25  Overlord  
  154  8:43  Roach x7  
  150  8:51  Roach x3  
  128  8:57  Roach x2  
  106  9:03  Roach x3  
  106  9:07  Drone  
  105  9:14  Spire, Roach  
  104  9:19  Roach  
  104  9:20  Ravager x3  
  109  9:25  Roach  
  109  9:27  Ravager  
  109  9:30  Roach  
  114  9:36  Extractor  
Show
View Real Time Build Order
Export as new Build Order

Reynor Zerg - Winner!

Build Orders: Hatch First 

Get SALT Encoding   

  12  0:00  Drone  
  13  0:12  Overlord  
  13  0:17  Drone  
  14  0:30  Drone x2  
  16  0:49  Hatchery  
  15  0:51  Drone  
  15  0:55  Drone  
  17  0:59  Drone  
  18  1:09  Extractor  
  17  1:14  Spawning Pool  
  17  1:18  Drone  
  17  1:20  Drone  
  18  1:27  Drone  
  19  1:38  Drone  
  20  1:48  Overlord  
  22  2:01  Zergling x4, Queen x2  
  26  2:10  Metabolic Boost, Drone  
  26  2:12  Drone  
  28  2:21  Drone  
  30  2:22  Drone  
  30  2:35  Hatchery  
  29  2:38  Drone  
  29  2:40  Drone  
  31  2:45  Drone  
  32  2:53  Baneling Nest  
  32  2:54  Overlord  
  32  2:56  Drone  
  32  2:58  Drone  
  32  3:13  Zergling x12  
  32  3:17  Zergling x4  
  40  3:20  Overlord  
  40  3:22  Zergling x2  
  40  3:32  Zergling x2  
  41  3:34  Zergling x2  
  43  3:41  Drone  
  43  3:44  Drone  
  43  3:45  Baneling x2  
  43  3:46  Drone x5  
  49  3:52  Overlord  
  49  3:54  Zergling x2, Evolution Chamber  
  48  4:00  Zergling x6  
  50  4:04  Zergling x2  
  51  4:10  Zergling x4  
  51  4:16  Zergling x2  
  54  4:19  Baneling x2, Overlord  
  54  4:20  Zergling x8  
  58  4:29  Zergling x4  
  53  4:40  Zergling x8  
  53  4:44  Drone x2, Queen  
  59  4:45  Zerg Missile Weapons Level 1  
  59  4:47  Overlord  
  59  4:48  Zergling x2  
  59  4:50  Zergling x2  
  59  4:51  Zergling x2  
  61  4:59  Drone x4  
  64  5:04  Drone x2, Overlord  
  66  5:11  Roach Warren  
  63  5:17  Extractor  
  63  5:18  Drone x2, Extractor  
  63  5:24  Spine Crawler  
  62  5:37  Overlord  
  61  5:48  Drone x3  
  61  5:49  Drone x2  
  64  5:53  Roach x8  
  64  5:55  Overlord  
  80  6:01  Roach  
  82  6:07  Roach x2  
  82  6:10  Drone x4  
  90  6:13  Extractor  
  90  6:16  Overlord  
  87  6:18  Drone x3  
  87  6:19  Drone  
  87  6:22  Lair  
  87  6:25  Roach  
  92  6:30  Roach x2  
  97  6:32  Drone  
  97  6:33  Drone  
  97  6:41  Roach x4  
  97  6:45  Overlord  
  97  6:46  Drone  
  106  6:49  Overlord  
  106  6:53  Overlord  
  106  6:59  Overlord  
  106  7:03  Drone x2  
  106  7:04  Drone  
  106  7:05  Drone x4  
  106  7:08  Roach x2  
  117  7:09  Roach  
  117  7:12  Drone x2  
  121  7:17  Extractor  
  121  7:22  Roach x4  
  127  7:28  Roach x4  
  126  7:30  Glial Reconstitution  
  126  7:35  Roach x2  
  126  7:36  Roach  
  132  7:39  Overlord  
  132  7:42  Overlord  
  132  7:44  Roach x2  
  132  7:48  Roach  
  137  7:52  Overseer  
  137  7:57  Roach x3  
  143  8:01  Roach x2  
  143  8:02  Roach  
  153  8:05  Roach x2  
  153  8:08  Overlord  
  153  8:13  Overlord  
  153  8:19  Overlord  
  153  8:23  Overlord  
  153  8:28  Ravager  
  153  8:32  Roach x3  
  153  8:33  Roach  
  162  8:39  Roach x2  
  162  8:40  Roach x2  
  170  8:44  Roach x4  
  168  8:49  Roach x4  
  168  8:51  Roach  
  168  8:55  Roach x2  
  159  8:59  Roach x3  
  159  9:02  Roach  
  141  9:07  Extractor  
  141  9:08  Roach  
  138  9:10  Roach  
  138  9:15  Roach  
  141  9:17  Ravager x2  
  141  9:20  Roach x2  
  141  9:24  Ravager  
  148  9:27  Hatchery  
  148  9:28  Roach x3  
  153  9:36  Roach x3  
Tags
 
Add a new tag
Caveats
  • Supply blocks, unpowered buildings, or Contaminate may cause inaccurate times.
  • Supply counts are checked every 10 seconds.